 Dungeon Crawl Stone Soup version 0.30-a0-459-g9104f0fc43 (webtiles) character file.

Game seed: 15908828080832877476

568997 porpoise the Hill Orc Cataclysm (level 26, -8/246 HPs)
             Began as a Hill Orc Monk on Dec 13, 2022.
             Was a High Priest of Qazlal.
             Killed from afar by a quicksilver dragon (17 damage)
             ... with a bolt of dispelling energy
             ... on level 5 of the Vaults on Dec 16, 2022.
             The game lasted 07:23:26 (66878 turns).

porpoise the Hill Orc Cataclysm (Hill Orc Monk)    Turns: 66878, Time: 07:23:32

Health: -8/246     AC: 31    Str: 21    XL:     26   Next: 90%
Magic:  24/39      EV: 15    Int: 13    God:    Qazlal [*****.]
Gold:   3387       SH:  7    Dex: 13    Spells: 24/37 levels left

rFire   + + .      SeeInvis +    a - +5 scythe "Finisher" {speed, eviscerate}
rCold   + + .      Faith    .    (shield currently unavailable)
rNeg    + + .      Spirit   .    h - +1 ice dragon scales
rPois   +          Reflect  .    w - +0 helmet {SInv}
rElec   .          Harm     .    y - +2 cloak {Will+}
rCorr   +          Rampage  .    U - +0 pair of gloves of the Wild Haggis {Fly rN+ rCorr Int+3}
Will    ++...                    s - +2 pair of boots {rF+}
Stlth   ..........               T - amulet of regeneration
HPRegen 1.41/turn                x - +4 ring of slaying
MPRegen 0.26/turn                V - ring of the Damp God {rPois rF++ rN+ Str-5 Slay+5}

@: protected from physical damage, flying, studying Ice Magic, repel missiles
A: claws 1, fangs 1, no potion heal 1
}: 3/15 runes: barnacled, slimy, gossamer
a: Renounce Religion, Upheaval, Elemental Force, Disaster Area


You were on level 5 of the Vaults.
You worshipped Qazlal.
Qazlal was extremely pleased with you.
You visited 12 branches of the dungeon, and saw 52 of its levels.
You visited 1 bazaar.
You also visited: Trove, Ossuary, Bailey, Gauntlet and Ice Cave.

You collected 7560 gold pieces.
You spent 4173 gold pieces at shops.

Inventory:

Hand Weapons
 a - the +5 scythe "Finisher" (weapon) {speed, eviscerate}
   (You took it off an ancient champion on level 3 of the Crypt)

   Attacks with this weapon are significantly faster.
   It may eviscerate those it strikes, slaying them instantly, with a decreasing
   chance against stronger foes.
 b - a +5 sacred scourge of holy wrath
Missiles
 t - 19 javelins (quivered)
Armour
 h - +1 ice dragon scales (worn)
 s - a +2 pair of boots of fire resistance (worn)
 w - a +0 helmet of see invisible (worn)
 y - a +2 cloak of willpower (worn)
 U - the +0 pair of gloves of the Wild Haggis (worn) {Fly rN+ rCorr Int+3}
   (You found it in a treasure trove)

   Int:       It affects your intelligence (+3).
   rN:        It protects you from negative energy.
   Fly:       It grants you flight.
   rCorr:     It protects you from acid and corrosion.
Jewellery
 x - a +4 ring of slaying (left hand)
 E - the ring of Teum {rElec rN+}
   (You found it on level 3 of the Crypt)

   [ring of positive energy]

   rElec:     It insulates you from electricity.
   rN:        It protects you from negative energy.
 T - an amulet of regeneration (around neck)
 V - the ring of the Damp God (right hand) {rPois rF++ rN+ Str-5 Slay+5}
   (You took it off an ancient champion on level 3 of the Crypt)

   [ring of positive energy]

   Str:       It affects your strength (-5).
   Slay:      It affects your accuracy & damage with ranged weapons and melee
   (+5).
   rF:        It greatly protects you from fire.
   rPois:     It protects you from poison.
   rN:        It protects you from negative energy.
Wands
 i - a wand of iceblast (44)
 o - a wand of acid (20)
 u - a wand of digging (13)
 z - a wand of polymorph (22)
 D - a wand of mindburst (22)
 S - a wand of paralysis (26)
Scrolls
 d - a scroll of summoning
 e - a scroll of silence
 j - 5 scrolls of magic mapping
 k - 3 scrolls of blinking
 l - 9 scrolls of immolation
 m - 8 scrolls of poison
 r - 16 scrolls of teleportation
 C - 10 scrolls of fog
 G - 11 scrolls of fear
 W - 12 scrolls of vulnerability
Potions
 c - 9 potions of ambrosia
 f - 23 potions of curing
 n - 6 potions of invisibility
 q - a potion of haste
 B - 7 potions of lignification
 I - 7 potions of might
 J - 7 potions of attraction
 K - a potion of berserk rage
 N - 8 potions of cancellation
 P - a potion of resistance
Miscellaneous
 p - a phantom mirror
 A - a lightning rod (4/4)
 F - a phial of floods
 O - a tin of tremorstones (2/2)
 Y - a condenser vane


   Skills:
 + Level 22.1 Fighting
 - Level 24.0(25.8) Axes
 * Level 14.6(19.4) Polearms
 - Level 10.0 Throwing
 - Level 18.0 Armour
 - Level 12.0 Dodging
 - Level 1.5 Stealth
 - Level 15.0 Shields
 - Level 6.3 Spellcasting
 - Level 1.6 Summonings
 - Level 6.0 Translocations
 - Level 7.0 Transmutations
 - Level 2.7 Ice Magic
 - Level 5.0 Earth Magic
 - Level 25.0 Invocations
 - Level 9.0 Evocations


You had 24 spell levels left.
You knew the following spells:

 Your Spells              Type           Power      Damage    Failure   Level
a - Animate Armour        Summ/Erth      24%        N/A       65%         4
k - Blink                 Tloc           38%        N/A       4%          2
p - Passwall              Tmut/Erth      15%        N/A       4%          2
r - Frozen Ramparts       Ice            22%        1d4       32%         3
w - Wereblood             Tmut           22%        N/A       3%          2

Your spell library contained the following spells:

 Spells                   Type           Power      Damage    Failure   Level
 Beastly Appendage        Tmut           44%        N/A       1%          1
 Apportation              Tloc           38%        N/A       3%          1
 Sandblast                Erth           34%        2d9       4%          1
 Sting                    Tmut/Pois      52%        1d5       9%          1
 Freeze                   Ice            44%        1d6       11%         1
 Summon Small Mammal      Summ           32%        N/A       19%         1
 Spider Form              Tmut/Pois      13%        N/A       24%         3
 Call Imp                 Summ           8%         N/A       26%         2
 Manifold Assault         Tloc           19%        N/A       28%         4
 Ensorcelled Hibernation  Hex/Ice        14%        N/A       30%         2
 Vhi's Electric Charge    Tloc/Air       22%        N/A       30%         3
 Kiss of Death            Conj/Necr      16%        2d6       34%         1
 Magic Dart               Conj           16%        1d3       34%         1
 Necrotise                Necr           16%        1d4       34%         1
 Slow                     Hex            16%        N/A       34%         1
 Stone Arrow              Conj/Erth      20%        3d8       36%         3
 Ignite Poison            Fire/Tmut/Pois 10%        N/A       38%         3
 Kindle Blastsparks       Fire/Tloc/Air  18%        2d11      41%         3
 Ice Form                 Ice/Tmut       16%        N/A       43%         4
 Cigotuvi's Dreadful Rot  Necr/Pois/Air  8%         N/A       45%         2
 Poisonous Vapours        Pois/Air       8%         N/A       45%         2
 Static Discharge         Conj/Air       8%         2-3/arc   45%         2
 Blade Hands              Tmut           11%        N/A       47%         5
 Hailstorm                Conj/Ice       7%         3d4       52%         3
 Summon Guardian Golem    Hex/Summ       6%         N/A       58%         3
 Iskenderun's Mystic Bla  Conj/Tloc      11%        2d4       69%         4
 Confusing Touch          Hex            4%         N/A       71%         3
 Dazzling Flash           Conj/Hex       8%         N/A       71%         3
 Inner Flame              Hex/Fire       4%         N/A       71%         3
 Mephitic Cloud           Conj/Pois/Air  4%         N/A       71%         3
 Swiftness                Air            4%         N/A       71%         3
 Vampiric Draining        Necr           4%         2d6       71%         3
 Leda's Liquefaction      Hex/Erth       5%         N/A       77%         4
 Lee's Rapid Deconstruct  Erth           8%         3d7*      77%         5
 Summon Ice Beast         Ice/Summ       9%         N/A       80%         4
 Yara's Violent Unravell  Hex/Tmut       6%         3d5       92%         5
 Anguish                  Hex/Necr       2%         N/A       98%         4
 Animate Dead             Necr           4%         N/A       98%         4
 Cause Fear               Hex            2%         N/A       98%         4
 Dispel Undead            Necr           4%         3d7       98%         4
 Olgreb's Toxic Radiance  Pois           4%         N/A       98%         4
 Statue Form              Tmut/Erth      12%        N/A       99%         6
 Arcjolt                  Conj/Air       2%         1d12      100%        5
 Fireball                 Conj/Fire      2%         3d4       100%        5
 Freezing Cloud           Conj/Ice/Air   3%         6-21      100%        5
 Iskenderun's Battlesphe  Conj           4%         2d6       100%        5
 Lightning Bolt           Conj/Air       2%         1d13      100%        5
 Conjure Ball Lightning   Conj/Air       2%         3x3d7     100%        6
 Death Channel            Necr           2%         N/A       100%        6
 Iron Shot                Conj/Erth      5%         9d2       100%        6
 Simulacrum               Ice/Necr       3%         N/A       100%        6
 Starburst                Conj/Fire      2%         6d3       100%        6
 Enfeeble                 Hex            2%         N/A       100%        7
 Haunt                    Necr/Summ      3%         N/A       100%        7
 Orb of Destruction       Conj           2%         9d5       100%        7
 Spellforged Servitor     Conj/Summ      3%         N/A       100%        7
 Storm Form               Tmut/Air       6%         N/A       100%        7
 Discord                  Hex            2%         N/A       100%        8
 Lehudib's Crystal Spear  Conj/Erth      5%         10d3      100%        8
 Necromutation            Tmut/Necr      6%         N/A       100%        8
 Chain Lightning          Conj/Air       2%         3d2       100%        9
 Fire Storm               Conj/Fire      2%         8d1       100%        9
 Polar Vortex             Ice            5%         N/A       100%        9
 Shatter                  Erth           8%         3d10*     100%        9


Dungeon Overview and Level Annotations

Branches:
Dungeon (15/15)            Temple (1/1) D:6            Lair (5/5) D:9
 Shoals (4/4) Lair:2       Spider (4/4) Lair:2        Slime (5/5) Lair:4
    Orc (2/2) D:12            Elf (3/3) Orc:2        Vaults (5/5) D:13
  Crypt (3/3) Vaults:3       Tomb (0/3) Crypt:3      Depths (4/4) D:15
   Hell (visited)             Zot (0/5) Depths:4    Ossuary (visited)
 Bailey (visited)           IceCv (visited)         Gauntlet (visited)
    Dis: Hell:1         Geh: Hell:1         Coc: Hell:1         Tar: Hell:1

Altars:
Ashenzari
Cheibriados
Dithmenos
Elyvilon
Fedhas
Gozag
Hepliaklqana
Kikubaaqudgha
Makhleb
Nemelex Xobeh
Okawaru
Qazlal
Ru
Sif Muna
Trog
Uskayaw
Vehumet
Wu Jian
Xom
Yredelemnul
Zin
The Shining One
Beogh
Lugonu

Shops:
D:7 *   D:11 *   D:13 [   D:15 [:*=   Orc:2 ***[   Shoals:1 [   Vaults:1 :
Vaults:3 [

Portals:
Hell: Depths:1 Depths:2 Depths:3 Depths:4
Abyss: Lair:5* Depths:1 Depths:3 Depths:4
Pandemonium: Depths:2
Ziggurat: Depths:4

Annotations:
Temple 2 transporters
Lair:5 2 transporters, PimpSugar's ghost, journeyman DsHW
Slime:2 exclusion: upstairs
Slime:3 exclusion: upstairs
Slime:5 exclusion: upstairs
Elf:3 exclusions: door and upstairs
Vaults:3 1 runed translucent door, Qanuace's ghost, veteran DsFi
Vaults:4 2 runed translucent doors, exclusion: 2 downstairs, Gacuozis's ghost, adept GnWn; quaternion's ghost, veteran MiFi
Depths:1 1 runed translucent door, exclusions: 2 obsidian statues and orange crystal statue


Innate Abilities, Weirdness & Mutations

You have sharp fingernails.
You have very sharp teeth.
Potions are less effective at restoring your health.


Message History

The quicksilver dragon is severely wounded.
The blast of rubble hits the war gargoyle!!
The war gargoyle is almost destroyed.
The cutting wind hits the war gargoyle!
You destroy the war gargoyle!
Qazlal accepts your kill.
The cutting wind hits the quicksilver dragon!!!
You kill the quicksilver dragon!
Qazlal accepts your kill.
The quicksilver dragon scales are intact enough to wear.
The cutting wind hits the ancient lich!!
The ancient lich is heavily damaged.
The quicksilver dragon breathes dispelling energy at you.
The bolt of dispelling energy hits you but does no damage.
The quicksilver dragon barely misses you.
The quicksilver dragon claws you.
* * * LOW HITPOINT WARNING * * *
Your tin of tremorstones (2/2) has regained one charge.
Activating: Disaster Area (0% risk of failure)
Press: ? - help, Dir - look around, f - activate Nature churns violently around you!
The blast of ice hits the ancient lich!!
The ancient lich partially resists.
The ancient lich is severely damaged.
The ancient lich is flash-frozen.
The blast of ice hits the ancient lich!!
The ancient lich partially resists.
The ancient lich is severely damaged.
You block the quicksilver dragon's attack.
The quicksilver dragon claws you but does no damage.
The ancient lich touches you.
* * * LOW HITPOINT WARNING * * *
Okay, then.
Blink to where?
Press: ? - help, Dir - move target
As you read the scroll of blinking, it crumbles to dust.
The quicksilver dragon breathes dispelling energy at you.
The bolt of dispelling energy hits you!
You feel more protected from physical attacks.
You die...

#######################
..≈≈§§○§D...≈§§@.......
.§§≈§.§[L..≈≈≈≈≈☼......
.§.≈§≈§)###############
..§≈§.§C...........
.#≈§≈.#...........#
#.≈≈.#§..D......#
#..§.#§.C.Ce...## #§≈.
#....D..### #.≈.
#.....s'#


You could see an ancient lich (invisible, frozen) and a quicksilver dragon
(catching breath).

Vanquished Creatures
  the Royal Jelly (Slime:5)
  Khufu (Crypt:3)
  A juggernaut (Depths:2)
  Mennas (Crypt:2)
  Xtahua (Crypt:3)
  Bai Suzhen (Crypt:3)
  Saint Roka (Vaults:4)
  A caustic shrike (Depths:2)
  A curse toe (Crypt:3)
  Jory (Crypt:2)
  2 bone dragons
  A hellephant (Depths:2)
  Mlioglotl (Spider:3)
  5 liches
  2 tentacled monstrosities
  A walking divine tome (Depths:2)
  3 quicksilver dragons
  23 acid blobs
  10 ancient champions
  Gastronok (D:10)
  2 krakens (Shoals:1)
  4 tengu reavers
  Polyphemus (Shoals:3)
  Kirke (Lair:5)
  2 sphinxes
  2 storm dragons
  A shadow dragon (Depths:4)
  15 rockslimes
  Donald (Shoals:4)
  2 draconian monks (Depths:4)
  4 revenants
  6 fire giants
  4 frost giants (Depths:2)
  13 azure jellies
  6 vault wardens
  8 emperor scorpions
  6 ghost moths
  A ghost moth (shapeshifter) (Vaults:1)
  A shard shrike simulacrum (Crypt:3)
  3 orc warlords
  7 war gargoyles
  15 stone giants
  3 reapers
  14 quicksilver oozes
  7 ironbound thunderhulks
  3 ghouls
  19 ironbound preservers
  14 vampire knights
  A deep elf demonologist (Elf:1)
  A rockslime zombie (Crypt:2)
  A green draconian (Depths:4)
  Nessos (D:13)
  A black draconian (Depths:4)
  3 white draconians (Depths:4)
  36 very ugly things
  14 spark wasps
  7 dire elephants
  A yellow draconian (Depths:4)
  A red draconian (Depths:4)
  4 crystal guardians
  5 ettins
  17 jiangshi
  7 eidola
  A quicksilver dragon zombie (Crypt:3)
  4 deep elf death magi
  7 merfolk javelineers
  An entropy weaver (Spider:4)
  9 merfolk impalers
  4 fire dragons
  A spriggan zombie (Crypt:3)
  9 yaktaur captains
  4 rakshasas
  9 great orbs of eyes
  Harold (D:9)
  2 deep elf high priests
  6 ice dragons
  3 spriggan air magi
  7 hydras
  2 satyrs
  35 vault guards
  A quicksilver dragon skeleton (Crypt:1)
  3 ironbound frosthearts
  5 peacekeepers
  An Orb Guardian zombie (Crypt:2)
  3 catoblepae
  A fenstrider witch skeleton (Crypt:1)
  4 boulder beetles
  A jorogumo (Spider:4)
  11 centaur warriors
  4 merfolk avatars
  3 death knights
  4 merfolk aquamancers (Shoals:4)
  Erica (D:10)
  5 two-headed ogres
  6 deep troll earth magi
  7 deep troll shamans
  A tengu warrior (Depths:1)
  5 death yaks
  9 hell hogs (Depths:2)
  3 thrashing horrors (Lair:5)
  25 dancing weapons
  5 vampire magi
  5 spriggan berserkers
  Sonja (D:11)
  16 deep elf knights
  4 soul eaters
  A titan zombie (Crypt:3)
  8 orc high priests
  13 hell knights
  The ghost of DrKenneth the Fighter, a novice MiFi of Makhleb (D:8)
  8 iron trolls
  A pharaoh ant (Spider:4)
  Nergalle (D:10)
  17 skeletal warriors
  A salamander mystic (Depths:3)
  5 shadow wraiths
  Amaemon (Lair:1)
  11 steelbarb worms
  9 sea snakes
  53 deep trolls
  A quicksilver dragon simulacrum (Crypt:3)
  6 glowing orange brains
  A deep troll (shapeshifter) (Depths:2)
  15 orb spiders
  3 bog bodies (Crypt:1)
  3 orange crystal statues
  5 flayed ghosts
  An orb spider (shapeshifter) (Vaults:5)
  3 harpies (Vaults:1)
  9 deep elf archers
  16 wizards
  Pikel (D:6)
  A bunyip skeleton (Crypt:1)
  16 phantasmal warriors
  14 orc knights
  A lindwurm (shapeshifter) (Depths:2)
  9 ironbound convokers
  An orc sorcerer (Orc:2)
  An anaconda skeleton (Crypt:3)
  6 necromancers
  4 oklob plants
  A faun (shapeshifter) (Lair:5)
  21 fauns
  13 wolf spiders
  7 cyclopes
  26 deep elf pyromancers
  19 deep elf zephyrmancers
  6 moths of wrath
  35 ugly things
  7 elephants
  11 manticores
  2 salamanders (Depths:3)
  5 shining eyes
  2 stone giant skeletons (Crypt:2)
  Maurice (D:9)
  Joseph (D:9)
  A smoke demon (Lair:5)
  A centaur zombie (Crypt:3)
  11 water nymphs
  6 merfolk sirens
  4 eyes of devastation
  An orange demon (Lair:1)
  7 black mambas
  22 cane toads
  15 vault sentinels
  An elephant slug zombie (Crypt:1)
  8 torpor snails
  A gargoyle (D:12)
  13 komodo dragons
  22 yaktaurs
  An iron giant simulacrum (Crypt:3)
  2 freezing wraiths (Crypt:2)
  4 unseen horrors
  A green draconian zombie (Crypt:1)
  A dire elephant skeleton (Crypt:2)
  2 demonic crawlers
  2 tengu conjurers (Depths:1)
  10 rime drakes
  A pale draconian zombie (Crypt:2)
  2 ancient zymes (Lair:5)
  An ice devil (Depths:2)
  6 trolls
  9 meliai
  3 polar bears
  14 wind drakes
  A queen bee (Spider:1)
  13 merfolk
  A hornet (shapeshifter) (D:13)
  4 harpy skeletons
  2 tarantellas (shapeshifter)
  7 hornets
  A wind drake (shapeshifter) (Vaults:3)
  24 tarantellas
  Prince Ribbit (D:7)
  10 dream sheep
  137 slime creatures
  17 blink frogs
  A guardian serpent skeleton (Crypt:1)
  41 jumping spiders
  6 snapping turtles
  5 flying skulls (Crypt:1)
  3 centaur simulacra
  10 large abominations
  2 vampires (Crypt:3)
  8 wyverns
  46 yaks
  7 spriggans
  8 air elementals
  A ynoxinul (Lair:5)
  A satyr skeleton (Crypt:1)
  19 water elementals
  21 culicivoras
  6 shadows
  10 wraiths
  10 basilisks
  5 hogs (Lair:5)
  4 golden eyes (Slime:5)
  21 humans
  A black mamba skeleton (Crypt:1)
  Eustachio (D:6)
  52 redbacks
  4 chaos spawn
  13 small abominations
  15 vampire mosquitoes
  7 wargs
  A demonspawn zombie (Crypt:3)
  5 acid dragons
  20 water moccasins
  2 naga skeletons
  A swamp drake (D:10)
  45 orc warriors
  Duvessa (D:7)
  A sky beast (D:6)
  4 black bears
  A lindwurm zombie (Crypt:2)
  4 ice beasts
  7 ogres
  5 wolves (Lair:3)
  3 boggarts (Vaults:3)
  2 great orb of eyes simulacra (IceCv)
  12 centaurs
  A hog zombie (Crypt:3)
  A snapping turtle skeleton (Crypt:2)
  3 lemures (D:6)
  10 bullfrogs
  4 slime creature simulacra (IceCv)
  3 kobold brigands
  A fire crab zombie (Crypt:3)
  A gnoll sergeant (D:7)
  2 elf skeletons
  6 necrophages
  A salamander zombie (Crypt:1)
  3 scorpions
  3 glowing shapeshifter simulacra (IceCv)
  An earth elemental (Elf:2)
  5 wights (D:9)
  Dowan (D:7)
  2 wyvern skeletons
  8 killer bees
  7 howler monkeys
  8 electric eels
  A shapeshifter skeleton (Crypt:1)
  4 crimson imps (Depths:3)
  3 jellies
  2 hounds
  39 orc priests
  A centaur skeleton (Crypt:2)
  3 gnoll boudas
  Jessica (D:2)
  Ijyb (D:4)
  3 iguanas
  15 orc wizards
  4 hell rats
  4 mummies
  Robin (D:2)
  6 adders
  30 gnolls
  3 shadow imps
  2 ufetubi (D:6)
  A worm zombie (Crypt:1)
  An adder skeleton (Crypt:3)
  A lava snake skeleton (Crypt:3)
  3 worms (D:2)
  A worm (shapeshifter) (D:15)
  2 dart slugs
  95 orcs
  A spectral bat (Ossuary)
  7 endoplasms
  8 giant cockroaches
  12 gnoll zombies (Ossuary)
  21 goblins
  13 hobgoblins
  4 jackals (D:2)
  15 kobolds
  3 quokkas
  8 ball pythons
  16 bats
  3 bat simulacra (Ossuary)
  3 frilled lizards
  A gnoll skeleton (Crypt:1)
  6 goblin simulacra (Ossuary)
  A goblin zombie (Ossuary)
  7 hobgoblin zombies
  7 kobold simulacra (Ossuary)
  7 kobold zombies (Ossuary)
  5 orc zombies
  A quokka skeleton (Crypt:3)
  5 rats
  3 rat simulacra (Ossuary)
  6 spectral goblins (Ossuary)
  4 spectral kobolds (Ossuary)
  A spectral rat (Ossuary)
  5 tentacles (Shoals:1)
2270 creatures vanquished.

Vanquished Creatures (collateral kills)
  Geryon (Hell)
  A lich (Vaults:2)
  2 acid blobs (Slime:5)
  A rockslime (Slime:5)
  An azure jelly (Slime:5)
  A ghost moth (Spider:3)
  An ironbound thunderhulk (Vaults:2)
  A quicksilver ooze (Slime:5)
  A minotaur (Gauntlet)
  An ogre mage (D:15)
  A two-headed ogre (D:15)
  Urug (D:13)
  A sun demon (Hell)
  A deep troll (Vaults:1)
  A bunyip zombie (Hell)
  A harpy (Vaults:1)
  A necromancer (Hell)
  A stone giant simulacrum (Hell)
  A centaur simulacrum (Hell)
  A hell hound (Hell)
  4 hell rats (Hell)
25 creatures vanquished.

Vanquished Creatures (others)
  A spark wasp (Depths:2)
  2 slime creatures
  A jumping spider (Spider:1)
  A vampire mosquito (D:13)
  A great orb of eyes simulacrum (IceCv)
  A glowing shapeshifter simulacrum (IceCv)
  A fire vortex (Hell)
  32 fungi
  122 plants
  6 tentacles (Shoals:1)
168 creatures vanquished.

Grand Total: 2463 creatures vanquished

Notes
Turn   | Place    | Note
-------+----------+-------------------------------------------
     0 | D:1      | porpoise the Hill Orc Monk began the quest for the Orb.
     0 | D:1      | Reached XP level 1. HP: 19/19 MP: 1/1
   222 | D:1      | Reached XP level 2. HP: 27/27 MP: 2/2
   398 | D:1      | Reached skill level 5 in Axes
   440 | D:1      | Reached XP level 3. HP: 33/33 MP: 3/3
   548 | D:1      | Found a faded altar of an unknown god.
   994 | D:2      | Reached XP level 4. HP: 39/41 MP: 4/4
  1072 | D:2      | Noticed Robin
  1078 | D:2      | Killed Robin
  1257 | D:2      | Noticed Jessica
  1266 | D:2      | Killed Jessica
  1267 | D:2      | Reached XP level 5. HP: 38/47 MP: 5/5
  1714 | D:2      | Found a shimmering altar of Xom.
  1833 | D:3      | Reached skill level 5 in Fighting
  1841 | D:3      | Paralysed by a kobold for 4 turns
  2114 | D:3      | Identified the +1 ring mail of the Guardian {Regen+}
  2685 | D:4      | Found a shimmering altar of Xom.
  2689 | D:4      | Found a hazy altar of Hepliaklqana.
  2694 | D:4      | Found a radiant altar of Vehumet.
  2885 | D:4      | Identified the +1 leather armour of the Fife {-Tele Fly
                  | Str+7 Slay+3}
  3225 | D:4      | Noticed Ijyb
  3254 | D:4      | Killed Ijyb
  3255 | D:4      | Reached XP level 6. HP: 16/56 MP: 6/6
  3653 | D:5      | Entered Level 5 of the Dungeon
  4027 | D:5      | Reached XP level 7. HP: 60/63 MP: 7/7
  4519 | D:6      | Noticed Eustachio
  4543 | D:6      | Killed Eustachio
  4553 | D:6      | Reached skill level 10 in Axes
  4553 | D:6      | Reached XP level 8. HP: 43/73 MP: 8/8
  4871 | D:6      | Found a staircase to the Ecumenical Temple.
  4871 | D:6      | Noticed Pikel
  4881 | D:6      | Killed Pikel
  4886 | D:6      | Reached XP level 9. HP: 58/82 MP: 9/9
  4983 | Temple   | Entered the Ecumenical Temple
  4983 | Temple   | Found a transporter.
  4983 | Temple   | Found a transporter.
  4985 | Temple   | Found a transporter.
  4985 | Temple   | Found a transporter.
  5020 | Temple   | Became a worshipper of Qazlal Stormbringer
  5020 | Temple   | Reached * piety under Qazlal
  5020 | Temple   | Reached ** piety under Qazlal
  5729 | D:7      | Found a sand-covered staircase.
  5732 | Ossuary  | Entered an ossuary
  6067 | Ossuary  | Reached *** piety under Qazlal
  6292 | D:7      | Noticed Prince Ribbit
  6299 | D:7      | Killed Prince Ribbit
  6446 | D:7      | Noticed Dowan
  6449 | D:7      | Noticed Duvessa
  6454 | D:7      | Killed Dowan
  6455 | D:7      | Killed Duvessa
  6481 | D:7      | Found Inarghik's General Store.
  6487 | D:7      | Found Toreci's Specific Store.
  6496 | D:7      | Bought a potion of curing for 36 gold pieces
  6496 | D:7      | Bought a scroll of noise for 12 gold pieces
  6500 | D:7      | Bought a potion of might for 56 gold pieces
  6636 | D:7      | Reached skill level 1 in Invocations
  6862 | D:7      | Reached **** piety under Qazlal
  6958 | D:8      | Reached skill level 1 in Armour
  6959 | D:8      | Reached skill level 15 in Axes
  6959 | D:8      | Reached skill level 2 in Invocations
  7223 | D:8      | Reached XP level 10. HP: 79/91 MP: 10/12
  7252 | D:8      | Reached skill level 3 in Invocations
  7309 | D:8      | Found a runed translucent gate.
  7311 | D:8      | Noticed DrKenneth's ghost (novice MiFi)
  7312 | D:8      | Noticed a ten-headed hydra
  7313 | D:8      | Found a runed translucent gate.
  7313 | D:8      | Found a runed translucent gate.
  7408 | D:8      | Identified the +1 rapier "Pefapt" {drain, rF+ rC+ Int-4}
  7909 | D:9      | Reached skill level 4 in Invocations
  7916 | D:9      | Reached skill level 5 in Invocations
  8095 | D:9      | Identified the +2 trident of Buicrein {venom, *Corrode
                  | Str+4 SInv}
  8098 | D:9      | Noticed Maurice
  8124 | D:9      | Killed Maurice
  8125 | D:9      | Reached skill level 5 in Armour
  8125 | D:9      | Reached skill level 6 in Invocations
  8162 | D:9      | Found a staircase to the Lair.
  8174 | D:9      | Noticed Harold
  8191 | D:9      | Killed Harold
  8192 | D:9      | Reached skill level 7 in Invocations
  8208 | D:9      | Noticed Joseph
  8225 | D:9      | Killed Joseph
  8226 | D:9      | Reached XP level 11. HP: 45/97 MP: 16/16
  8945 | D:9      | Identified the +4 short sword of Iconoclasm {vorpal, rElec
                  | rF- rN+++ Str-2 Int+9}
  9017 | D:10     | Entered Level 10 of the Dungeon
  9042 | D:10     | Reached skill level 8 in Invocations
  9094 | D:10     | Found a flagged portal.
  9103 | Bailey   | Entered a bailey
  9121 | Bailey   | Reached ***** piety under Qazlal
  9249 | Bailey   | Noticed an orc knight
  9266 | Bailey   | Noticed an orc warlord
  9270 | Bailey   | Killed an orc knight
  9271 | Bailey   | Reached skill level 9 in Invocations
  9283 | Bailey   | Killed an orc warlord
  9464 | Bailey   | Reached skill level 5 in Dodging
  9464 | Bailey   | Reached skill level 10 in Invocations
  9464 | Bailey   | Reached XP level 12. HP: 104/104 MP: 18/20
  9589 | D:10     | Identified the +5 long sword of Peril {venom, +Blink rC+
                  | Str+4 SInv}
  9630 | Lair:1   | Entered Level 1 of the Lair of Beasts
  9639 | Lair:1   | Reached skill level 11 in Invocations
 10019 | Lair:1   | Reached skill level 12 in Invocations
 10235 | Lair:1   | Reached XP level 13. HP: 111/111 MP: 22/22
 10267 | Lair:1   | Noticed Amaemon
 10286 | Lair:1   | Reached skill level 13 in Invocations
 10293 | Lair:1   | Killed Amaemon
 10507 | Lair:1   | Paralysed by a hornet for 2 turns
 10514 | Lair:1   | Reached skill level 5 in Shields
 11000 | D:10     | Noticed Gastronok
 11013 | D:10     | Killed Gastronok
 11016 | D:10     | Reached skill level 10 in Fighting
 11278 | D:10     | Noticed Erica
 11288 | D:10     | Killed Erica
 11435 | D:10     | Noticed Nergalle
 11451 | D:10     | Killed Nergalle
 11726 | D:11     | Noticed Sonja
 11729 | D:11     | Paralysed by Sonja for 5 turns
 11740 | D:11     | Killed Sonja
 11752 | D:11     | Reached skill level 5 in Evocations
 11874 | D:11     | Found a sacrificial altar of Ru.
 11877 | D:11     | Reached skill level 14 in Invocations
 11939 | D:11     | Found Ungosk's Fire Supplies.
 11953 | D:11     | Bought a +2 pair of boots of fire resistance for 344 gold
                  | pieces
 12180 | D:11     | Found a broken altar of Ashenzari.
 12332 | D:12     | Found a staircase to the Orcish Mines.
 12993 | D:12     | Found a hazy altar of Hepliaklqana.
 13079 | D:12     | Reached ****** piety under Qazlal
 13405 | Lair:2   | Reached skill level 15 in Invocations
 13412 | Lair:2   | Reached XP level 14. HP: 111/125 MP: 25/25
 13490 | Lair:2   | Identified the +8 shortbow "Iwabasey" {speed, rPois}
 13619 | Lair:2   | Found a staircase to the Shoals.
 13874 | Lair:2   | Found a stormy altar of Qazlal.
 13989 | Lair:2   | Found a hole to the Spider Nest.
 14294 | Lair:3   | Reached skill level 16 in Invocations
 14305 | Lair:3   | Found a gate leading to a gauntlet.
 14314 | Gauntlet | Entered a Gauntlet
 14314 | Gauntlet | Found a transporter.
 14314 | Gauntlet | Found a transporter.
 14375 | Gauntlet | Found a transporter.
 14379 | Gauntlet | Found a transporter.
 14383 | Gauntlet | Found a runed translucent door.
 14385 | Gauntlet | Found a runed translucent door.
 14387 | Gauntlet | Found a transporter.
 14391 | Gauntlet | Found a transporter.
 14395 | Gauntlet | Noticed a cacodemon
 14399 | Gauntlet | Found a transporter.
 14416 | Gauntlet | Found a transporter.
 14431 | Gauntlet | Found a transporter.
 14435 | Gauntlet | Found a transporter.
 14443 | Gauntlet | Found a transporter.
 14447 | Gauntlet | Found a transporter.
 14776 | Gauntlet | Identified the +0 pair of gloves "Onauby" {rN+ Stlth+}
 14831 | Gauntlet | Identified the +6 morningstar of Julutueq {flame, rPois rN+
                  | Will+ rCorr}
 15951 | Lair:4   | Found a staircase to the Slime Pits.
 16045 | Lair:4   | Reached skill level 17 in Invocations
 16481 | Lair:5   | Entered Level 5 of the Lair of Beasts
 16488 | Lair:5   | Reached XP level 15. HP: 133/138 MP: 27/27
 16500 | Lair:5   | Found a transporter.
 16592 | Lair:5   | Found a transporter.
 16603 | Lair:5   | Noticed PimpSugar's ghost (journeyman DsHW)
 16626 | Lair:5   | Found a one-way gate to the infinite horrors of the Abyss.
 16752 | Lair:5   | Identified the +1 helmet of Qamin {rCorr}
 17312 | Lair:5   | Found a corrupted altar of Lugonu.
 17464 | Lair:5   | Reached skill level 18 in Invocations
 17690 | Lair:5   | Noticed Kirke
 17703 | Lair:5   | Killed Kirke
 17704 | Lair:5   | Reached skill level 10 in Armour
 18361 | D:13     | Noticed Nessos
 18361 | D:13     | Found a gate to the Vaults.
 18396 | D:13     | Killed Nessos
 18669 | D:13     | Reached XP level 16. HP: 139/146 MP: 29/29
 18688 | D:13     | Noticed Urug
 18698 | D:13     | Killed Urug
 18951 | D:13     | Found Tapalof's Antique Armour Boutique.
 18959 | D:13     | Bought an embroidered cloak for 180 gold pieces
 19276 | D:14     | Reached skill level 19 in Invocations
 19393 | D:14     | Learned a level 2 spell: Blink
 19398 | D:14     | Learned a level 4 spell: Animate Armour
 19401 | D:14     | Learned a level 2 spell: Wereblood
 20264 | D:15     | Entered Level 15 of the Dungeon
 20272 | D:15     | Found Vuxky's Book Shop.
 20289 | D:15     | Found a flickering gateway to a bazaar.
 20323 | Bazaar   | Entered a bazaar
 20329 | Bazaar   | Found Videp's Jewellery Emporium.
 20329 | Bazaar   | Found Laarphuapt's Book Shoppe.
 20398 | D:15     | Reached skill level 1 in Throwing
 20536 | D:15     | Found Izaaclua's Antique Armour Shop.
 20591 | D:15     | Bought a pitted leather armour for 224 gold pieces
 20591 | D:15     | Identified the +0 leather armour of the Skies Above {rC++
                  | Str+5} (You bought it in a shop on level 15 of the Dungeon)
 20930 | D:15     | Found Ogiughem's Jewellery Boutique.
 20980 | D:15     | Found Gozag's Platinum Reserve.
 21228 | D:15     | Found an opulent altar of Gozag.
 21697 | D:15     | Found a staircase to the Depths.
 22068 | Orc:1    | Entered Level 1 of the Orcish Mines
 22578 | Orc:2    | Entered Level 2 of the Orcish Mines
 22641 | Orc:2    | Reached skill level 20 in Invocations
 22993 | Orc:2    | Found a staircase to the Elven Halls.
 23158 | Orc:2    | Found Ahesm's Assorted Antiques.
 23158 | Orc:2    | Found Riucwyac's Antique Armour Shop.
 23164 | Orc:2    | Bought a tubular diamond ring for 170 gold pieces
 23216 | Orc:2    | Found a roughly hewn altar of Beogh.
 23225 | Orc:2    | Found Xeq Axo's General Store.
 23225 | Orc:2    | Found Fouc's Assorted Antiques.
 23231 | Orc:2    | Bought a potion of heal wounds for 70 gold pieces
 23257 | Orc:2    | Bought a scroll of acquirement for 728 gold pieces
 23258 | Orc:2    | Acquired the ring of the Falcon {rC+ Int+7 SInv}
 23383 | Orc:2    | Bought a notched emerald ring for 135 gold pieces
 23383 | Orc:2    | Bought 2 potions of heal wounds for 270 gold pieces
 23612 | Spider:1 | Entered Level 1 of the Spider Nest
 24032 | Spider:1 | Reached skill level 5 in Throwing
 24336 | Spider:1 | Reached XP level 17. HP: 111/152 MP: 2/31
 25410 | Spider:2 | Reached skill level 21 in Invocations
 26187 | Spider:3 | Noticed Mlioglotl
 26285 | Spider:3 | Reached skill level 1 in Spellcasting
 26285 | Spider:3 | Killed Mlioglotl
 26865 | Spider:4 | Entered Level 4 of the Spider Nest
 26928 | Spider:4 | Reached skill level 15 in Fighting
 27105 | Spider:4 | Reached skill level 10 in Shields
 28527 | Spider:4 | Reached XP level 18. HP: 154/166 MP: 0/32
 28564 | Spider:4 | HP: 6/166 [barbs]
 28729 | Spider:4 | Reached skill level 1 in Summonings
 28759 | Spider:4 | HP: 8/166 [something (6)]
 29229 | Spider:4 | Got a gossamer rune of Zot
 29629 | Orc:2    | Bought a +1 pair of boots of flying for 231 gold pieces
 29880 | Shoals:1 | Entered Level 1 of the Shoals
 29985 | Shoals:1 | Reached skill level 5 in Spellcasting
 29985 | Shoals:1 | Reached skill level 1 in Transmutations
 30027 | Shoals:1 | Found Gacw's Armour Shoppe.
 31279 | Shoals:2 | Identified the +6 scimitar of Luonkip {spect, rC- MP+9
                  | Dex+2 Stlth+}
 32097 | Shoals:3 | Found a frozen archway.
 32116 | IceCv    | Entered an ice cave
 33009 | IceCv    | Reached skill level 22 in Invocations
 33107 | IceCv    | Found a viscous altar of Jiyva.
 33148 | IceCv    | Identified the ring of Adghomegg {rF+ rC+ Str-5 Dex+6}
 33190 | IceCv    | Reached XP level 19. HP: 159/172 MP: 34/34
 33241 | IceCv    | Identified the +3 ice dragon scales of the Tuna {-Tele rF-
                  | rC++ rN+++ rCorr Slay+5}
 33362 | Shoals:3 | Noticed Polyphemus
 33382 | Shoals:3 | Killed Polyphemus
 33451 | Shoals:3 | Identified the +5 war axe "Fott" {flame, rF+ Str+7}
 34281 | Shoals:4 | Entered Level 4 of the Shoals
 34281 | Shoals:4 | Found a hazy altar of Hepliaklqana.
 34285 | Shoals:4 | Paralysed by an air elemental for 1 turns
 34308 | Shoals:4 | Reached skill level 5 in Transmutations
 35354 | Shoals:4 | Paralysed by an air elemental for 1 turns
 35360 | Shoals:4 | Paralysed by an air elemental for 1 turns
 35363 | Shoals:4 | Paralysed by an air elemental for 1 turns
 35365 | Shoals:4 | Paralysed by an air elemental for 1 turns
 35369 | Shoals:4 | Paralysed by an air elemental for 1 turns
 36058 | Shoals:4 | Paralysed by an air elemental for 1 turns
 36065 | Shoals:4 | Paralysed by an air elemental for 1 turns
 36541 | Shoals:4 | Reached skill level 1 in Translocations
 36677 | Shoals:4 | Paralysed by an air elemental for 1 turns
 36850 | Shoals:4 | Noticed Donald
 36864 | Shoals:4 | Killed Donald
 37444 | Shoals:4 | Got a barnacled rune of Zot
 37874 | Lair:1   | Learned a level 2 spell: Passwall
 37971 | Vaults:1 | Entered Level 1 of the Vaults
 38195 | Vaults:1 | Found Pupy's Book Shoppe.
 39235 | Vaults:1 | Reached XP level 20. HP: 157/182 MP: 35/35
 39968 | Vaults:2 | Reached skill level 15 in Shields
 40287 | D:8      | Killed DrKenneth's ghost
 41891 | Vaults:3 | Found a runed translucent door.
 41892 | Vaults:3 | Noticed Qanuace's ghost (veteran DsFi)
 41925 | Vaults:3 | Found Ipsorchudgh's Armour Shop.
 41931 | Vaults:3 | Bought a +0 helmet of intelligence for 172 gold pieces
 41945 | Vaults:3 | Learned a level 3 spell: Frozen Ramparts
 42796 | Vaults:3 | Found a staircase to the Crypt.
 42796 | Vaults:3 | Found a basalt altar of Yredelemnul.
 42797 | Vaults:3 | Found an ancient bone altar of Kikubaaqudgha.
 43044 | Vaults:4 | Reached XP level 21. HP: 192/200 MP: 36/36
 43314 | Vaults:4 | Found a large runed translucent door.
 43314 | Vaults:4 | Noticed Gacuozis's ghost (adept GnWn)
 43314 | Vaults:4 | Noticed quaternion's ghost (veteran MiFi)
 43315 | Vaults:4 | Found a large runed translucent door.
 43379 | Vaults:4 | Noticed Saint Roka
 43426 | Vaults:4 | Killed Saint Roka
 43616 | Vaults:4 | Reached skill level 5 in Translocations
 43711 | Vaults:4 | Reached skill level 1 in Earth Magic
 45196 | Depths:1 | Entered Level 1 of the Depths
 45303 | D:15     | HP: 6/201 [something (27)]
 46473 | Depths:1 | Reached skill level 5 in Earth Magic
 46489 | Depths:1 | Reached skill level 1 in Ice Magic
 46567 | Depths:1 | Found a runed translucent door.
 46644 | Depths:1 | Noticed a dread lich
 46680 | Depths:1 | Found the ring of the Mage {Wiz Archmagi}
 46917 | Depths:1 | Found a gateway to Hell.
 46991 | Depths:1 | Found a portal to a secret trove of treasure.
 47366 | Orc:2    | Bought a smoking plate armour for 952 gold pieces
 47366 | Orc:2    | Identified the +7 plate armour of Evolution {rN+ Int-4
                  | Dex+7 SInv} (You bought it in a shop on level 2 of the
                  | Orcish Mines)
 47789 | Depths:2 | Found a radiant altar of Vehumet.
 47815 | Depths:2 | Noticed a juggernaut
 47817 | Depths:2 | Noticed a caustic shrike
 47825 | Depths:2 | Killed a juggernaut
 47829 | Depths:2 | Reached XP level 22. HP: 60/209 MP: 28/37
 47829 | Depths:2 | Killed a caustic shrike
 48332 | Depths:2 | Identified the +11 falchion "Orb Guardian's Death" {spect,
                  | rC++ Int+4}
 48821 | Depths:2 | Found a one-way gate leading to the halls of Pandemonium.
 49117 | Depths:3 | Reached skill level 15 in Armour
 49636 | Depths:2 | Reached skill level 10 in Throwing
 50101 | Depths:3 | Reached skill level 10 in Dodging
 50378 | Depths:3 | Reached XP level 23. HP: 217/217 MP: 24/38
 50463 | Depths:3 | Found a shimmering altar of Xom.
 50570 | Depths:3 | You fall into a shaft and drop 1 floor!
 50570 | Depths:4 | Entered Level 4 of the Depths
 50661 | Depths:3 | Found a hide-covered altar of Uskayaw.
 50862 | Depths:4 | Found a one-way gateway to a ziggurat.
 51020 | Depths:4 | Reached skill level 23 in Invocations
 52270 | Depths:4 | Found an ornate altar of the Wu Jian Council.
 52441 | Depths:4 | Found a gate to the Realm of Zot.
 52864 | Crypt:1  | Entered Level 1 of the Crypt
 53321 | Crypt:1  | Found an ancient bone altar of Kikubaaqudgha.
 53747 | Crypt:2  | Noticed Jory
 53778 | Crypt:2  | Killed Jory
 53851 | Crypt:2  | Reached skill level 24 in Invocations
 53904 | Crypt:2  | Noticed Mennas
 53955 | Crypt:2  | Killed Mennas
 54119 | Crypt:2  | Found a huge runed translucent gate.
 54119 | Crypt:2  | Found a huge runed translucent gate.
 54119 | Crypt:2  | Found a huge runed translucent gate.
 54120 | Crypt:2  | Found a huge runed translucent gate.
 54120 | Crypt:2  | Found a huge runed translucent gate.
 54120 | Crypt:2  | Found a huge runed translucent gate.
 54121 | Crypt:2  | Found a huge runed translucent gate.
 54121 | Crypt:2  | Found a huge runed translucent gate.
 54121 | Crypt:2  | Found a huge runed translucent gate.
 54176 | Crypt:2  | Identified the +11 scimitar of Awkwardness {spect, Dex+6}
 54704 | Crypt:2  | Identified the +3 arbalest of the Winnowing Seer {speed,
                  | rN+ rCorr Str+3}
 54727 | Crypt:2  | Upgraded the game from 0.30-a0-457-g4b7bca3bfa to
                  | 0.30-a0-458-g86641cc369
 54990 | Crypt:3  | Entered Level 3 of the Crypt
 55107 | Crypt:3  | Reached XP level 24. HP: 220/231 MP: 37/39
 55619 | Crypt:3  | Noticed Khufu
 55635 | Crypt:3  | Killed Khufu
 55643 | Crypt:3  | Noticed Xtahua
 55656 | Crypt:3  | Killed Xtahua
 55700 | Crypt:3  | Identified the ring of the Damp God {rPois rF++ rN+ Str-5
                  | Slay+5}
 55709 | Crypt:3  | Noticed Bai Suzhen
 55789 | Crypt:3  | Noticed a curse toe
 55797 | Crypt:3  | Killed a curse toe
 55804 | Crypt:3  | Killed Bai Suzhen
 56162 | Crypt:3  | Found a basalt altar of Yredelemnul.
 56166 | Crypt:3  | Found an ancient bone altar of Kikubaaqudgha.
 56243 | Crypt:3  | Identified the ring of Hocas {rN+ Int+5}
 56243 | Crypt:3  | Identified the ring of Teum {rElec rN+}
 56868 | Vaults:3 | Bought a +0 cloak of willpower for 172 gold pieces
 57239 | Elf:1    | Entered Level 1 of the Elven Halls
 57270 | Elf:1    | Reached skill level 1 in Polearms
 57544 | Elf:1    | Paralysed by an air elemental for 1 turns
 57994 | Elf:1    | Identified the +10 great sword "Ogre's Curse" {antimagic,
                  | Str+7}
 58047 | Elf:2    | Upgraded the game from 0.30-a0-458-g86641cc369 to
                  | 0.30-a0-459-g9104f0fc43
 58081 | Elf:2    | Reached skill level 25 in Invocations
 58084 | Elf:2    | Reached skill level 5 in Polearms
 58131 | Elf:2    | Found a roughly hewn altar of Beogh.
 58492 | Elf:3    | Entered Level 3 of the Elven Halls
 58492 | Elf:3    | Found a radiant altar of Vehumet.
 58704 | Elf:2    | Found a runed translucent gate.
 58704 | Elf:2    | Found a runed translucent gate.
 58706 | Elf:2    | Found a runed translucent gate.
 59450 | Elf:3    | Reached XP level 25. HP: 238/238 MP: 39/39
 60032 | Slime:1  | Entered Level 1 of the Pits of Slime
 60580 | Slime:2  | Gained mutation: Potions are less effective at restoring
                  | your health. [a shining eye]
 60771 | Slime:3  | Reached skill level 10 in Polearms
 62893 | Slime:5  | Entered Level 5 of the Pits of Slime
 62918 | Slime:5  | Noticed the Royal Jelly
 63405 | Slime:5  | Gained mutation: You occasionally lose the ability to drink
                  | potions when taking damage. [a shining eye]
 63410 | Slime:5  | Gained mutation: Potions cannot restore your health. [a
                  | shining eye]
 63413 | Slime:5  | Gained mutation: You are occasionally teleported next to
                  | monsters. [a shining eye]
 63619 | Slime:5  | Gained mutation: Your spells are a little easier to cast,
                  | but a little less powerful. [a shining eye]
 63679 | Slime:5  | Killed the Royal Jelly
 63987 | Slime:5  | Reached XP level 26. HP: 246/246 MP: 39/39
 64027 | Slime:5  | Identified the +3 battleaxe of the End {vorpal, Fragile
                  | rElec rN+++ Int-5}
 64035 | Slime:5  | Got a slimy rune of Zot
 64042 | Slime:5  | Identified the +7 war axe of Blood {holy, rElec rC+ MP+9
                  | Int-3}
 64292 | Lair:1   | Lost mutation: Your spells are a little easier to cast, but
                  | a little less powerful. [potion of mutation]
 64292 | Lair:1   | Lost mutation: Potions cannot restore your health. [potion
                  | of mutation]
 64292 | Lair:1   | Gained mutation: You occasionally shout uncontrollably at
                  | your foes. [potion of mutation]
 64292 | Lair:1   | Gained mutation: You have a pair of small antennae on your
                  | head. [potion of mutation]
 64292 | Lair:1   | Gained mutation: Your movements are slightly less
                  | encumbered by armour. (ER -2) [potion of mutation]
 64293 | Lair:1   | Lost mutation: You are occasionally teleported next to
                  | monsters. [potion of mutation]
 64293 | Lair:1   | Lost mutation: You have a pair of small antennae on your
                  | head. [potion of mutation]
 64293 | Lair:1   | Gained mutation: You passively map a small area around you.
                  | [potion of mutation]
 64294 | Lair:1   | Lost mutation: You occasionally shout uncontrollably at
                  | your foes. [potion of mutation]
 64294 | Lair:1   | Lost mutation: You passively map a small area around you.
                  | [potion of mutation]
 64294 | Lair:1   | Lost mutation: Your movements are slightly less encumbered
                  | by armour. (ER -2) [potion of mutation]
 64294 | Lair:1   | Gained mutation: You have sharp fingernails. [potion of
                  | mutation]
 64294 | Lair:1   | Gained mutation: You are covered in fur. (AC +1) [potion of
                  | mutation]
 64295 | Lair:1   | Lost mutation: Potions are less effective at restoring your
                  | health. [potion of mutation]
 64295 | Lair:1   | Lost mutation: You occasionally lose the ability to drink
                  | potions when taking damage. [potion of mutation]
 64295 | Lair:1   | Gained mutation: You do not regenerate when monsters are
                  | visible. [potion of mutation]
 64295 | Lair:1   | Gained mutation: Your spells are a little easier to cast,
                  | but a little less powerful. [potion of mutation]
 64296 | Lair:1   | Lost mutation: Your spells are a little easier to cast, but
                  | a little less powerful. [potion of mutation]
 64296 | Lair:1   | Lost mutation: You do not regenerate when monsters are
                  | visible. [potion of mutation]
 64296 | Lair:1   | Lost mutation: You are covered in fur. (AC +1) [potion of
                  | mutation]
 64296 | Lair:1   | Gained mutation: You have very sharp teeth. [potion of
                  | mutation]
 64296 | Lair:1   | Gained mutation: Potions are less effective at restoring
                  | your health. [potion of mutation]
 64501 | Orc:2    | Bought a glowing hat for 189 gold pieces
 64534 | Orc:2    | Bought a shiny helmet for 232 gold pieces
 65337 | Crypt:3  | Found a staircase to the Tomb.
 66024 | Hell     | Entered the Vestibule of Hell
 66024 | Hell     | Noticed Geryon
 66038 | Hell     | Killed Geryon
 66252 | Depths:1 | You paid a toll of the horn of Geryon to enter a treasure
                  | trove
 66253 | Trove    | Entered a treasure trove
 66260 | Trove    | Identified the +1 helmet "Kusoxe" {rC+ rCorr}
 66271 | Trove    | Identified the +0 pair of gloves of the Wild Haggis {Fly
                  | rN+ rCorr Int+3}
 66276 | Trove    | Got the Compendium of Unholy Deeds
 66277 | Trove    | Identified the +5 plate armour of Bupirep {MP+9}
 66847 | Vaults:5 | Entered Level 5 of the Vaults
 66869 | Vaults:5 | Noticed an ancient lich
 66874 | Vaults:5 | HP: 4/246 [quicksilver dragon/bolt of dispelling energy
                  | (15)]
 66878 | Vaults:5 | Killed from afar by a quicksilver dragon

Illustrated notes

Levels and vault maps discovered:
D:1:      dpeg_arrival_tiny_d, layout_loops_ring,
          chequers_ecumenical_altar_lobes
D:2:      layout_loops_ring, basic_altar, uniq_jessica, uniq_robin
D:3:      layout_basic
D:4:      layout_basic, grunt_temple_overflow_diamond, uniq_ijyb
D:5:      nicolae_cairo_tiling, layout_loops_cross
D:6:      layout_loops_ring, minmay_temple_entry_arrows, st_stairs_11,
          uniq_pikel, uniq_eustachio
D:7:      layout_basic, lightli_ossuary_entry_decrepit_ruins,
          hangedman_abyss_or_decor_slice, nicolae_specific_store,
          roderic_batcave, dreamdust_wishing_well, uniq_prince_ribbit1,
          uniq_duvessa
D:8:      layout_layer_cave, gammafunk_ghost_hydra_chop
D:9:      layout_stronghold, due_lair_maze_entry_diamond, minmay_holes,
          uniq_maurice, uniq_joseph, uniq_harold
D:10:     layout_irregular_city, enter_bailey_8, pond, uniq_nergalle,
          uniq_erica, uniq_gastronok
D:11:     layout_rooms, nicolae_shop_fire_sale [nicolae_sub_dead_trees],
          hangedman_feature_mirror, uniq_sonja
D:12:     layout_roguey, erik_orc_2, worldfamousw_hep_ancestral_shrine
D:13:     layout_gridville, david_vaults_3, serial_shops,
          nicolae_shop_waterfront, uniq_urug
D:14:     layout_layer_cave, glass_columns_c, minmay_puff
D:15:     gammafunk_enter_depths_forms, layout_irregular_city, serial_shops,
          bzr_entry_customers, nicolae_square_shop, nicolae_shop_trees,
          nicolae_lakefront_shop, nicolae_gozag_zags_fifth_avenue, minivault_15,
          uniq_nessos
Temple:   hellmonk_temple_divided_pantheon
Lair:1:   layout_cave_pods, serial_bayou_crossing, uniq_amaemon
Lair:2:   nzn_winding_woodlands_stair_cross [nzn_winding_woodlands_5x15_pockets,
          nzn_winding_woodlands_center_diamonds,
          nzn_winding_woodlands_5x15_sawtooth, nzn_winding_woodlands_5x5_cross,
          nzn_winding_woodlands_5x5_default, nzn_winding_woodlands_5x15_cabin,
          nzn_winding_woodlands_center_triple_pond,
          nzn_winding_woodlands_5x15_crooked], layout_big_grid,
          minmay_shoals_entry_hut, nicolae_spider_entry_tight_spaces,
          basic_altar, roderic_carrion_pond
Lair:3:   layout_gridlike, gauntlet_entry_generic,
          chequers_serial_rivers_small_3
Lair:4:   layout_roguey, dpeg_slime_entry_corner, special_room
          [special_room_mythical_zoo], dpeg_oklob_1, grunt_megastairs_4,
          infiniplex_staircase_pool_2
Lair:5:   hellmonk_lair_end_abyssal_woods, layout_cave_pods,
          gammafunk_ghost_abyssal_escape, infiniplex_staircase_pool, uniq_kirke
Shoals:1: layout_shoals, serial_shops, shop_fountains,
          nicolae_shoals_kraken_intersection
Shoals:2: cheibrodos_shoals_satyrical_garden, layout_shoals
Shoals:3: layout_shoals, portal_ice_cave_entry_pillars_three, uniq_polyphemus
Shoals:4: shoals_end_hellmonk_storm_palace [storm_palace_center_ruins,
          storm_palace_corner_altar, storm_palace_corner_blocked,
          storm_palace_corner_reverse_hut, storm_palace_corner_narrow],
          serial_shops, uniq_donald
Spider:1: layout_chambers, drop_trap, nicolae_spider_moth_buddies
Spider:2: layout_spider_delve
Spider:3: layout_spider_delve, uniq_mlioglotl
Spider:4: grunt_spider_rune_circles, nicolae_spider_checkerboard
Slime:1:  cheibrodos_slime_lost_civilization_9, layout_caves,
          nicolae_slime_phagocytosis
Slime:2:  layout_caves
Slime:3:  layout_caves
Slime:4:  layout_caves
Slime:5
Orc:1:    layout_caves
Orc:2:    st_orc_town, layout_diamond_mine
Elf:1:    minmay_elf_arrival_summoners, layout_loops_ring,
          kennysheep_underground_church
Elf:2:    nicolae_elf_blades_splatter_lattice [nicolae_blade_entry_antechamber],
          layout_gridlike, special_room [special_room_orc]
Elf:3:    grunt_elf_hall_branching, layout_geoelf_castle, basic_altar
Vaults:1: v_misc_17, nicolae_vaults_sealed_display, hangedman_vaults_river_flow,
          v_rooms_4, nicolae_vaults_murderbox, nicolae_vaults_specimen_jars,
          vaults_room_door_ring, vaults_mumra_lcd, ontoclasm_vaults_fault,
          nicolae_vaults_three_branches, nicolae_vaults_asterisk,
          layout_vaults_big_room, serial_shops, shop
Vaults:2: hangedman_vaults_variations, nicolae_vaults_angled_halls,
          nicolae_vaults_ninety_degrees, vaults_room_guarded_vault,
          grunt_vaults_swirl, nicolae_vaults_network_quinsquares
          [nicolae_vaults_network_quincunx_subvault,
          nicolae_vaults_network_quincunx_subvault,
          nicolae_vaults_network_quincunx_subvault,
          nicolae_vaults_network_quincunx_subvault],
          nicolae_vaults_little_squares_5, v_pattern_2,
          vaults_dpeg_emergency_exit, layout_vaults_omnicross
Vaults:3: hellmonk_ghost_big_iron, nicolae_vaults_border_crossing,
          grunt_vaults_hallway_long, minmay_crypt_entry_necro_gods, v_misc_25,
          ontoclasm_vaults_gateway, nicolae_vaults_diagonal_hallway_7,
          layout_vaults_omnigrid, serial_shops, nicolae_square_shop
Vaults:4: advil_vaults_ghost_guards, vaults_room_semicircle, vaults_room_fours,
          ontoclasm_vaults_ring_large, vaults_room_pool,
          ontoclasm_vaults_ring_square, v_misc_23, ontoclasm_vaults_spin,
          v_misc_25, v_rooms_4, nicolae_vaults_halls_meeting,
          hangedman_vaults_impose, v_alt_pattern_3, nicolae_vaults_shelves_hall,
          vaults_mumra_minichess, layout_vaults_maze_bifur, uniq_saint_roka
Vaults:5
Crypt:1:  layout_misc_corridors, basic_altar
Crypt:2:  cheibrodos_crypt_3hun_7po, layout_catacombs, uniq_mennas, uniq_jory
Crypt:3:  lightli_unholy_cathedral, layout_chaotic_city,
          nicolae_tomb_entry_rubble_hallway, uniq_khufu, uniq_xtahua,
          uniq_bai_suzhen
Depths:1: layout_long_grid, abyss_entry_crystal, enter_trove_5,
          dk_noncrumbling_2, hell_entry, minmay_guarded_unrand_mage
Depths:2: minmay_crescents, layout_gridville, grunt_hell_horde,
          rand_demon_pan_entry_3, reono_crystal_passage, fiery_altar_vehumet
Depths:3: nicolae_BIG_FREAKIN_CUBE, layout_long_grid, minmay_room_of_horrors,
          hell_entry, basic_altar, led_xom_imps, infiniplex_staircase_pool_lava
Depths:4: grunt_zot_entry_gee_three, layout_long_grid, enter_ziggurat_e,
          hell_entry, pdpol_wu_jian_five_deadly_venoms,
          abyss_entry_small_statue_room
Hell

Skill      XL: |  1  2  3  4  5  6  7  8  9 10 11 12 13 14 15 16 17 18 19 20 21 22 23 24 25 26 |
---------------+-------------------------------------------------------------------------------+-----
Fighting       | 4 5 6 7 8 9 11 14 15 16 19 20 22 | 22.1
Axes           | 5 6 7 8 10 12 15 16 17 18 19 22 24 | 24.0
Invocations    | 2 7 10 12 15 17 18 20 21 22 24 25 | 25.0
Armour         | 2 6 7 8 9 10 12 14 15 16 17 18 | 18.0
Dodging        | 5 7 9 10 12 | 12.0
Shields        | 3 4 5 7 10 12 14 15 | 15.0
Evocations     | 3 5 8 9 |  9.0
Throwing       | 5 6 7 10 | 10.0
Spellcasting   | 4 5 6 |  6.3
Summonings     | 1 |  1.6
Transmutations | 4 5 6 7 |  7.0
Translocations | 2 3 5 6 |  6.0
Earth Magic    | 5 |  5.0
Ice Magic      | 2 |  2.7
Polearms       | 9 13 14 | 14.6
Stealth        | |  1.5

Action                   |  1- 3 |  4- 6 |  7- 9 | 10-12 | 13-15 | 16-18 | 19-21 | 22-24 | 25-27 || total
-------------------------+-------+-------+-------+-------+-------+-------+-------+-------+-------++-------
Melee: Hand axe          |   131 |   173 |       |       |       |       |       |       |       ||   304
       Punch             |     2 |     2 |       |       |       |       |       |       |     1 ||     5
       Broad axe         |       |    51 |   231 |   236 |   771 |  1385 |  1249 |  1071 |   277 ||  5271
       Morningstar       |       |       |       |       |    53 |       |       |       |       ||    53
       Scimitar          |       |       |       |       |     6 |       |       |       |       ||     6
       Sacred scourge    |       |       |       |       |       |       |       |    40 |       ||    40
       Scythe            |       |       |       |       |       |       |       |   304 |    66 ||   370
       Bite              |       |       |       |       |       |       |       |       |     1 ||     1
 Fire: Sling             |       |    29 |       |       |       |       |       |       |       ||    29
       Hand crossbow     |       |       |       |       |       |       |     1 |       |       ||     1
Throw: Boomerang         |       |       |       |       |       |    30 |     5 |       |       ||    35
       Javelin           |       |       |       |       |       |       |     3 |     8 |    12 ||    23
 Cast: Wereblood         |       |       |       |       |       |       |       |     3 |     1 ||     4
Invok: Elemental Force   |       |       |       |       |     4 |     3 |     3 |     5 |     3 ||    18
       Disaster Area     |       |       |       |       |     1 |     1 |     2 |     6 |     3 ||    13
       Upheaval          |       |       |       |       |       |       |       |    12 |       ||    12
Evoke: Wand              |       |     3 |       |       |     8 |    43 |     1 |     5 |     1 ||    61
       Lightning rod     |       |       |       |       |       |     2 |       |       |       ||     2
       Tin of tremorston |       |       |       |       |       |       |       |       |     3 ||     3
  Use: Scroll            |       |     4 |    12 |     5 |    11 |    12 |    11 |     8 |    10 ||    73
       Potion            |       |     1 |     1 |     4 |     5 |    16 |    10 |    10 |     9 ||    56
 Stab: Sleeping          |     4 |     2 |     1 |       |       |       |       |       |       ||     7
       Petrified         |       |       |       |       |    12 |       |       |       |       ||    12
       Petrifying        |       |       |       |       |     1 |       |       |       |       ||     1
       Paralysed         |       |       |       |       |       |     2 |       |     1 |     5 ||     8
       Invisible         |       |       |       |       |       |     9 |       |       |       ||     9
       Distracted        |       |       |       |       |       |       |     2 |       |     1 ||     3
Armor: Robe              |    45 |    15 |       |       |       |       |       |       |       ||    60
       Leather armour    |       |    17 |       |       |       |       |       |       |       ||    17
       Ring mail         |       |    37 |    73 |    56 |   261 |   394 |   247 |       |       ||  1068
       Plate armour      |       |       |       |       |       |       |     6 |   447 |       ||   453
       Ice dragon scales |       |       |       |       |       |       |       |    85 |   170 ||   255
       Skin              |       |       |       |       |       |       |       |       |    15 ||    15
Dodge: Dodged            |    79 |    93 |    76 |    54 |   212 |   611 |   460 |   467 |   125 ||  2177
       Repelled          |       |       |     1 |     1 |     8 |    13 |    14 |    23 |    15 ||    75
Block: Buckler           |       |    10 |   124 |   173 |   634 |  1120 |   191 |       |       ||  2252
       Reflection        |       |       |     8 |     5 |    10 |    81 |    55 |    16 |       ||   175
       Kite shield       |       |       |       |       |       |       |   884 |  1225 |       ||  2109
       Other             |       |       |       |       |       |       |       |    65 |    82 ||   147

Table legend: (Time is in decaauts)
 A = Elapsed time spent in this place.
 B = Non-inter-level travel time spent in this place.
 C = Inter-level travel time spent in this place.
 D = Time resting spent in this place.
 E = Time spent auto-exploring this place.
 F = Levels seen in this place.
 G = Mean time per level.
                   A        B        C        D        E       F      G
               +--------+--------+--------+--------+--------+-----+--------+
         Total |  65827 |  56426 |   9401 |  13559 |  26290 |  58 | 1134.9 |
       Dungeon |  17002 |  13790 |   3212 |   2426 |   8270 |  15 | 1133.5 |
        Temple |     56 |     56 |      0 |      0 |      6 |   1 |   56.0 |
          Lair |   9012 |   6561 |   2451 |    984 |   3029 |   5 | 1802.4 |
        Shoals |   5962 |   5459 |    503 |   2057 |   1744 |   4 | 1490.5 |
   Spider Nest |   5629 |   5513 |    116 |   1902 |   2584 |   4 | 1407.2 |
    Slime Pits |   4033 |   3748 |    285 |   1251 |   1648 |   5 |  806.6 |
  Orcish Mines |   1734 |   1230 |    504 |     92 |    785 |   2 |  867.0 |
   Elven Halls |   2328 |   2095 |    233 |    285 |   1106 |   3 |  776.0 |
        Vaults |   7251 |   6071 |   1180 |   1170 |   2985 |   5 | 1450.2 |
         Crypt |   3773 |   3497 |    276 |    611 |   1882 |   3 | 1257.7 |
        Depths |   6239 |   5602 |    637 |   1741 |   2220 |   4 | 1559.8 |
          Hell |     17 |     17 |      0 |      0 |      0 |   1 |   17.0 |
        Bazaar |     45 |     45 |      0 |      0 |      0 |   1 |   45.0 |
         Trove |     61 |     61 |      0 |      0 |      0 |   1 |   61.0 |
       Ossuary |    543 |    543 |      0 |    126 |      0 |   1 |  543.0 |
        Bailey |    423 |    423 |      0 |     59 |      0 |   1 |  423.0 |
      Ice Cave |   1121 |   1121 |      0 |    718 |      0 |   1 | 1121.0 |
      Gauntlet |    590 |    590 |      0 |    134 |     29 |   1 |  590.0 |
               +--------+--------+--------+--------+--------+-----+--------+

Top non-repeatable levels by time:
  Lair:1: 4110 daAuts
Shoals:4: 2848 daAuts
Spider:4: 2378 daAuts
Depths:1: 2064 daAuts
Vaults:3: 2017 daAuts
Vaults:1: 1977 daAuts
    D:15: 1976 daAuts
  Lair:5: 1781 daAuts
Vaults:4: 1769 daAuts
    D:10: 1745 daAuts
Depths:2: 1726 daAuts
Spider:1: 1622 daAuts
     D:9: 1618 daAuts
 Crypt:3: 1522 daAuts
    D:12: 1485 daAuts
